 Dungeon Crawl Stone Soup version 0.31-a0-981-geadf994542 (webtiles) character file.

Game seed: 14789412237995214430

39 demibob the Poker (level 3, 0/33 HPs)
             Began as a Deep Elf Chaos Knight on Nov 2, 2023.
             Was a Plaything of Xom.
             Succumbed to an orc's poison
             ... on level 4 of the Dungeon.
             The game lasted 00:01:42 (1091 turns).

demibob the Poker (Deep Elf Chaos Knight)           Turns: 1091, Time: 00:01:43

Health: 0/33       AC:  5    Str:  9    XL:     3   Next: 26%
Magic:  5/5        EV: 12    Int: 18    God:    Xom [..*...]
Gold:   84         SH:  0    Dex: 14    Spells: 2/2 levels left

rFire   + . .        a - +0 spear (chaos)
rCold   + . .        (no shield)
rNeg    . . .        b - +2 leather armour
rPois   +            (no helmet)
rElec   +            (no cloak)
rCorr   +            (no gloves)
SInv    .            (no boots)
Will    .....        (no amulet) Stlth
                     (no ring)
HPRegen 0.25/turn    (no ring)
MPRegen 0.09/turn

%: no passive effects
@: mighty, berserking, lethally poisoned (0 -> -2), resistant, hasted,
invisible, very quick
A: no striking features
a: Renounce Religion


You were on level 4 of the Dungeon.
You worshipped Xom.
You were a toy of Xom.
You visited 1 branch of the dungeon, and saw 3 of its levels.

You collected 84 gold pieces.


   Skills:
 - Level 2.4 Fighting
 + Level 3.3 Polearms
 - Level 0.7 Armour
 - Level 2.4 Dodging


You had 2 spell levels left.
You didn't know any spells.
Your spell library was empty.

Inventory:

Hand Weapons
 a - a +0 spear of chaos (weapon)
Armour
 b - a +2 leather armour (worn)
Scrolls
 c - a scroll of butterflies
Potions
 e - a potion of might

Dungeon Overview and Level Annotations

Branches:
Dungeon (2/15)

Altars:
The Shining One

#.### ....# ###
#.#.#...
....#.###
#........ ░░░░
#........
░..░###........
░.@)§ooS.......
░brob###.......
░....# .......
░..░## .......
░░░░ .......
o...... .#.#...
.......


You could see an orc priest (unable to see you), an adder (unable to see you), 2
orcs and a friendly quokka (summoned).


Message History

You feel sick.
An adder comes into view.
The orc hits you with a +0 dagger.
* * * LOW HITPOINT WARNING * * *
The orc closely misses you.
It was a potion of invisibility.
You fade into invisibility!
Xom roars with laughter!
* * * LOW HITPOINT WARNING * * *
You feel sick.
Your quokka barely misses the orc.
The orc closely misses your butterfly. The orc barely misses your butterfly.
The orc barely misses you. The orc hits you but does no damage.
It was a potion of berserk rage.
A red film seems to cover your vision as you go berserk!
You feel yourself moving faster!
You feel mighty!
* * * LOW HITPOINT WARNING * * *
You feel sick.
Your quokka bites the orc but does no damage.
The orc hits your butterfly with a +0 hand axe.
Your butterfly dies!
Your butterfly disappears in a puff of smoke!
The orc closely misses you. The orc barely misses you.
You closely miss the orc.
The orc is moderately wounded.
Your quokka bites the orc.
You strike the helpless orc from behind!
You puncture the orc! Lightning courses through the orc!
You kill the orc!
You die...
Xom laughs nastily!

Skill      XL: |  1  2 |
---------------+-------+-----
Polearms       | 3 |  3.3
Fighting       | |  2.4
Armour         | |  0.7
Dodging        | |  2.4

Action                     || total
---------------------------++-------
  Melee: Spear             ||   117
         Punch             ||     1
    Use: Potion            ||     5
   Stab: Sleeping          ||     1
         Petrifying        ||     2
         Invisible         ||     1
         Petrified         ||     1
 Armour: Leather armour    ||    54
  Dodge: Dodged            ||    58

Levels and vault maps discovered:
D:1:      minmay_arrival_doors, layout_basic, amcnicky_mini_corridor_feature
D:2:      layout_basic
D:4:      layout_basic, mainiacjoe_overflow_alcove_1, grunt_gozag_statues,
          serial_shops, nicolae_shop_overgrown_old_shop, uniq_duvessa

Notes
Turn   | Place    | Note
-------+----------+-------------------------------------------
     0 | D:1      | demibob the Deep Elf Chaos Knight began the quest for the
                  | Orb.
     0 | D:1      | Reached XP level 1. HP: 13/13 MP: 3/3
   134 | D:1      | XOM: divination: detect creatures
   203 | D:1      | Reached XP level 2. HP: 18/18 MP: 4/4
   540 | D:1      | Reached skill level 3 in Polearms
   893 | D:2      | XOM: noise
   895 | D:2      | Reached XP level 3. HP: 22/22 MP: 5/5
  1051 | D:2      | You fall into a shaft and drop 2 floors!
  1051 | D:4      | Found a glowing golden altar of the Shining One.
  1065 | D:4      | XOM: butterfly on damage
  1086 | D:4      | XOM: cast spell 'Summon Small Mammal'
  1087 | D:4      | Identified a potion of resistance
  1087 | D:4      | HP: 2/22 [orc/+0 dagger (1)]
  1091 | D:4      | Succumbed to an orc's poison

Vanquished Creatures
  An adder (D:2)
  A dart slug (D:1)
  2 orcs (D:4)
  2 endoplasms (D:1)
  A giant cockroach (D:1)
  3 goblins (D:1)
  4 hobgoblins (D:1)
  2 kobolds
  4 ball pythons
  2 bats (D:1)
  A frilled lizard (D:1)
  3 rats (D:1)
26 creatures vanquished.

Table legend: (Time is in decaauts)
 A = Elapsed time spent in this place.
 B = Non-inter-level travel time spent in this place.
 C = Inter-level travel time spent in this place.
 D = Time resting spent in this place.
 E = Time spent auto-exploring this place.
 F = Levels seen in this place.
 G = Mean time per level.
                   A        B        C        D        E       F      G
               +--------+--------+--------+--------+--------+-----+--------+
         Total |   1084 |   1071 |     13 |      3 |    862 |   3 |  361.3 |
       Dungeon |   1084 |   1071 |     13 |      3 |    862 |   3 |  361.3 |
               +--------+--------+--------+--------+--------+-----+--------+

Top non-repeatable levels by time:
     D:1: 880 daAuts
     D:2: 167 daAuts
     D:4: 37 daAuts

Table legend:
 A = Non-vault XP
 B = Vault XP
 C = Vault XP percentage of total XP
 D = Non-vault monster count
 E = Vault monster count
 F = Vault count percentage of total count
                 A         B        C        D         E       F
            +---------+---------+-------+---------+---------+-------
      Total |      59 |       0 |   0.0 |      26 |       0 |   0.0
            +---------+---------+-------+---------+---------+-------
        D:1 |      37 |       0 |   0.0 |      21 |       0 |   0.0
        D:2 |      16 |       0 |   0.0 |       3 |       0 |   0.0
        D:4 |       6 |       0 |   0.0 |       2 |       0 |   0.0
            +---------+---------+-------+---------+---------+-------
